 Dungeon Crawl Stone Soup version 0.22.0-49-gab54619 (webtiles) character file.

2597 harcile the Carver (level 9, -6/79 HPs)
             Began as a Hill Orc Berserker on Sept 7, 2018.
             Was a High Priest of Trog.
             Mangled by a hornet (13 damage)
             ... on level 7 of the Dungeon.
             The game lasted 00:21:15 (7039 turns).

harcile the Carver (Hill Orc Berserker)             Turns: 7039, Time: 00:21:16

Health: -6/79      AC:  6    Str: 22    XL:     9   Next: 59%
Magic:  9/9        EV: 12    Int:  7    God:    Trog [*****.]
Gold:   346        SH:  5    Dex: 11    Spells: 8/8 levels left

rFire    . . .     SeeInvis .   a - +0 scimitar
rCold    . . .     Gourm    .   m - +2 buckler
rNeg     . . .     Faith    .   H - +1 leather armour {rPois}
rPois    +         Spirit   .   D - +0 helmet
rElec    .         Reflect  .   (no cloak)
rCorr    .         Harm     .   (no gloves)
MR       .....                  (no boots)
Stlth    +.........             (no amulet)
HPRegen  0.23/turn              b - +2 ring of slaying
MPRegen  0.11/turn              o - ring of poison resistance

@: slowed, very slow
A: no striking features
a: Berserk, Trog's Hand, Brothers in Arms, Renounce Religion


You were on level 7 of the Dungeon.
You worshipped Trog.
Trog was extremely pleased with you.
You were hungry.

You visited 1 branch of the dungeon, and saw 7 of its levels.
You also visited: Ossuary.

You collected 443 gold pieces.
You spent 97 gold pieces at shops.

Inventory:

Hand Weapons
 a - a +0 scimitar (weapon)
 p - a +0 long sword
 J - a +0 falchion
Armour
 m - a +2 buckler (worn)
 y - a +0 plate armour
 D - a +0 helmet (worn)
 H - a +1 leather armour of poison resistance (worn)
Jewellery
 b - a +2 ring of slaying (left hand)
 n - an uncursed ring of resist corrosion
 o - a ring of poison resistance (right hand)
 G - an uncursed amulet of rage
Scrolls
 d - a scroll of silence {unknown}
 e - a scroll of noise {unknown}
 h - 4 scrolls of enchant weapon
 i - 3 scrolls of blinking {unknown}
 j - 6 scrolls of remove curse {unknown}
 l - a scroll of amnesia {unknown}
 r - 7 scrolls of identify {unknown}
 t - a scroll of fear {unknown}
 E - a scroll of fog {unknown}
 I - a scroll of summoning {unknown}
 K - a scroll of immolation {unknown}
Potions
 f - a potion of mutation {unknown}
 g - a potion of cancellation
 k - a potion of lignification {unknown}
 s - a potion of brilliance {unknown}
 u - a potion of berserk rage
 w - a potion of flight
 x - 2 potions of heal wounds {unknown}
 z - a potion of degeneration {unknown}
 A - 2 potions of might {unknown}
 B - a potion of haste {unknown}
 C - a potion of invisibility {unknown}
 L - a potion of magic {unknown}
Comestibles
 c - 7 rations


   Skills:
 + Level 7.1 Fighting
 + Level 10.7 Long Blades
 + Level 6.0 Armour
 + Level 3.8 Dodging
 + Level 1.1 Stealth


You had 8 spell levels left.
You didn't know any spells.
Your spell library was empty.

Dungeon Overview and Level Annotations

Branches:
Dungeon (7/15)             Temple (0/1) D:5

Altars:
Ashenzari
Dithmenos
Gozag
Kikubaaqudgha
Ru
Uskayaw
Wu Jian

Shops:
D:4 ?   D:5 =   D:7 %

Annotations:
D:7 2 transporters, 4 runed doors, EnegeticOcto's ghost, novice MiBe


Message History

The hornet is almost dead.
Your leather armour prevents you from hitting the hornet.
The hornet is almost dead.
* * * LOW HITPOINT WARNING * * *
You feel very sick. You block the hornet's attack. The hornet stings you!
* * * LOW HITPOINT WARNING * * *
You feel as though you will be slow longer.
You feel better. The hornet stings you!
* * * LOW HITPOINT WARNING * * *
The hornet barely misses you.
You closely miss the hornet.
The hornet is almost dead.
The hornet barely misses you.
You riposte.
You miss the hornet.
The hornet is almost dead.
The hornet closely misses you.
You hit the hornet but do no damage.
The hornet is almost dead.
You block the hornet's attack. The hornet misses you. The hornet stings you!
You die...

############### . #..............
... #.####.#.######
#....###########.####(#.# #
............y@..(.....#.# ####
......#.#####.#####)###.###.##
.....##.#####.####<..##.##.#.#
#..y.#........##...#......###.
###...#....#####.#...##.##.#<#
... .#...#.##.## ##.##.###.###.##
.... #...#.##.#.#... #.##..#≈≈≈##
.... +...#.##.##.### #.##.#≈≈≈≈≈#
.!..h+...#.##.##.#####.##.#≈≈∩.))


You could see a hornet.

Vanquished Creatures
  Joseph (D:7)
  A hippogriff (D:7)
  Sigmund (D:5)
  2 orc warriors
  A sky beast (D:7)
  A necrophage (D:6)
  An ogre (D:5)
  3 centaurs
  2 bullfrogs (D:7)
  A scorpion (D:2)
  2 howler monkeys
  A bullfrog skeleton (D:4)
  A jelly (D:5)
  2 orc priests
  2 hounds (D:6)
  5 orc wizards
  2 iguanas
  7 worker ants
  12 mummies (Ossuary)
  2 hound skeletons
  Robin (D:3)
  7 adders
  A howler monkey skeleton (D:4)
  A shadow imp (D:6)
  3 oozes
  3 adder skeletons
  An adder zombie (D:5)
  2 worms (D:3)
  2 dart slugs
  5 leopard geckos
  26 orcs
  4 giant cockroaches
  14 goblins
  15 hobgoblins
  2 jackals (D:3)
  13 kobolds
  3 quokkas
  2 ball pythons
  10 bats
  9 frilled lizards
  A gnoll skeleton (Ossuary)
  3 goblin skeletons (Ossuary)
  A kobold skeleton (Ossuary)
  A leopard gecko skeleton (D:4)
  3 orc skeletons (Ossuary)
  8 rats
  11 rat skeletons (Ossuary)
202 creatures vanquished.

Notes
Turn   | Place    | Note
-------+----------+-------------------------------------------
     0 | D:1      | harcile the Hill Orc Berserker began the quest for the Orb.
     0 | D:1      | Reached XP level 1. HP: 19/19 MP: 1/1
   114 | D:1      | Reached XP level 2. HP: 27/27 MP: 2/2
   432 | D:1      | Reached XP level 3. HP: 28/33 MP: 3/3
   610 | D:1      | Reached ** piety under Trog
  1053 | D:2      | Reached skill level 4 in Long Blades
  1085 | D:2      | Reached XP level 4. HP: 33/41 MP: 4/4
  1298 | D:2      | Reached XP level 5. HP: 47/47 MP: 5/5
  1650 | D:2      | Found a sacrificial altar of Ru.
  1913 | D:3      | Reached *** piety under Trog
  1914 | D:3      | Noticed Robin
  1930 | D:3      | Killed Robin
  2050 | D:3      | Reached skill level 5 in Long Blades
  2470 | D:3      | Reached XP level 6. HP: 35/55 MP: 6/6
  2801 | D:4      | Found an ancient bone altar of Kikubaaqudgha.
  2824 | D:4      | Found Legimust's Magic Scroll Shoppe.
  2850 | D:4      | Bought a scroll of enchant weapon for 97 gold pieces
  2864 | D:4      | Reached skill level 6 in Long Blades
  2897 | D:4      | Found a sand-covered staircase.
  2903 | Ossuary  | Entered an ossuary
  2976 | Ossuary  | Reached **** piety under Trog
  2976 | Ossuary  | Reached skill level 5 in Fighting
  3378 | Ossuary  | Reached XP level 7. HP: 57/61 MP: 7/7
  3935 | D:4      | Reached skill level 7 in Long Blades
  4338 | D:5      | Entered Level 5 of the Dungeon
  4547 | D:5      | Found a shattered altar of Ashenzari.
  4566 | D:5      | Reached skill level 8 in Long Blades
  4566 | D:5      | Reached XP level 8. HP: 66/69 MP: 8/8
  4619 | D:5      | Noticed Sigmund
  4848 | D:5      | Killed Sigmund
  4918 | D:5      | Reached ***** piety under Trog
  4957 | D:5      | Found a shadowy altar of Dithmenos.
  4957 | D:5      | Found a hide-covered altar of Uskayaw.
  4957 | D:5      | Found an opulent altar of Gozag.
  5019 | D:5      | Found Luiklenk's Jewellery Emporium.
  5191 | D:5      | Found a staircase to the Ecumenical Temple.
  5286 | D:5      | Reached skill level 9 in Long Blades
  5465 | D:6      | Reached skill level 5 in Armour
  5852 | D:6      | Reached XP level 9. HP: 61/75 MP: 9/9
  6106 | D:7      | Found Cyn Luxt's Food Boutique.
  6300 | D:7      | Reached skill level 10 in Long Blades
  6377 | D:7      | Found a transporter.
  6381 | D:7      | Found a transporter.
  6381 | D:7      | Noticed EnegeticOcto's ghost (novice MiBe)
  6402 | D:7      | Found an ornate altar of the Wu Jian Council.
  6474 | D:7      | Reached skill level 1 in Stealth
  6539 | D:7      | Noticed Joseph
  6564 | D:7      | Killed Joseph
  6577 | D:7      | Found a huge runed gate.
  6577 | D:7      | Found a huge runed gate.
  6577 | D:7      | Found a huge runed gate.
  6578 | D:7      | Found a huge runed gate.
  6578 | D:7      | Noticed a death yak
  6579 | D:7      | Noticed a polar bear
  6579 | D:7      | Noticed a polar bear
  6579 | D:7      | Noticed a death yak
  6579 | D:7      | Noticed a polar bear
  7020 | D:7      | Noticed a hornet
  7039 | D:7      | Mangled by a hornet

Skill      XL: |  1  2  3  4  5  6  7  8  9 |
---------------+----------------------------+-----
Fighting       | 4 5 6 7 |  7.1
Long Blades    | 4 5 6 8 9 10 | 10.7
Dodging        | 2 3 |  3.8
Armour         | 3 5 6 |  6.0
Stealth        | 1 |  1.1

Action                   |  1- 3 |  4- 6 |  7- 9 || total
-------------------------+-------+-------+-------++-------
Melee: Falchion          |   108 |    26 |       ||   134
       Long sword        |       |   207 |   231 ||   438
       Scimitar          |       |       |   107 ||   107
Invok: Berserk           |     2 |     6 |     6 ||    14
  Use: Scroll            |       |     3 |     3 ||     6
       Potion            |       |     1 |     7 ||     8
 Stab: Sleeping          |       |       |     1 ||     1
  Eat: Chunk             |     2 |    10 |    14 ||    26
       Ration            |       |     1 |     1 ||     2
Armor: Animal skin       |    19 |       |       ||    19
       Leather armour    |     6 |    52 |    35 ||    93
       Chain mail        |       |     6 |    20 ||    26
       Plate armour      |       |       |   120 ||   120
Dodge: Dodged            |    89 |   149 |   173 ||   411
Block: Buckler           |       |       |     3 ||     3
       Rpst.: Falchion   |    27 |    13 |       ||    40
       Long sword        |       |    34 |    23 ||    57
       Scimitar          |       |       |    17 ||    17
